Cogmind - Beta 12 @@@ ROGUE MODE // 2023.03.24 @ 03:20:08 Player: Howard Result: Destroyed by G-47 Trooper with Particle Gun Performance ------------- Evolutions (2) 1000 Regions Visited (4) 800 Robots Destroyed (50) 250 Value Destroyed (1941) 1941 Prototype IDs (7) 140 Alien Tech Used (0) 0 Bonus (1386) 1386 TOTAL SCORE: 5517 Bonus ------- High Alert Combat Kills 123 Follower Combat Kills 82 Entered Garrisons 200 Used RIF Installer 1000 Friendly Fire -19 Cogmind --------- Core Integrity 0/550 Matter 175/300 Energy 58/150 System Corruption 14% Temperature Hot (206) Movement Walking (260) Ox2 Location -8/Garrison Parts ------- > --- POWER (1) -------- Micro Fission Core > --- PROPULSION (2) --- Carbon-fiber Leg Carbon-fiber Leg > --- UTILITY (5) ------ High-capacity Storage Unit Advanced Salvage Targeting Computer Targeting Computer Targeting Computer Advanced Shield Generator > --- WEAPON (3) ------- Heavy Phase Cannon Gauss Rifle > --- INVENTORY (20) --- Light Nuclear Core Micro Fission Core Carbon-fiber Leg Carbon-fiber Leg Carbon-fiber Leg Carbon-fiber Leg Medium Storage Unit Seismic Detector Advanced Salvage Targeting Computer Recoil Nullifier Improved Weapon Cycler Relay Coupler [NC] (33) Relay Coupler [Grunt] (34) Relay Coupler [Sentry] (32) Relay Coupler [Behemoth] (10) Wave Gun Mini Grenade Launcher Smartbomb Launcher Peak State ------------ > --- POWER ------------ Micro Fission Core > --- PROPULSION ------- Carbon-fiber Leg Carbon-fiber Leg > --- UTILITY ---------- High-capacity Storage Unit Advanced Salvage Targeting Computer Targeting Computer Targeting Computer Advanced Shield Generator > --- WEAPON ----------- Heavy Phase Cannon Gauss Rifle > --- INVENTORY -------- Light Nuclear Core Micro Fission Core Carbon-fiber Leg Carbon-fiber Leg Carbon-fiber Leg Carbon-fiber Leg Medium Storage Unit Seismic Detector Advanced Salvage Targeting Computer Recoil Nullifier Improved Weapon Cycler Relay Coupler [NC] Relay Coupler [Grunt] Relay Coupler [Sentry] Relay Coupler [Behemoth] Wave Gun Mini Grenade Launcher Smartbomb Launcher [Rating: 44] Favorites ----------- Power Light Deuterium Engine Engine Light Deuterium Engine Power Core Micro Fission Core Propulsion Armored Wheel Treads Advanced Treads Leg Carbon-fiber Leg Wheel Armored Wheel Utility Medium Storage Unit Device Improved Heat Sink Storage Medium Storage Unit Processor Targeting Computer Protection Light Armor Plating Weapon Enhanced Autogun Energy Gun EM Pulse Gun Energy Cannon EM Pulse Cannon Ballistic Gun Enhanced Autogun Ballistic Cannon Light Cannon Launcher Mini Grenade Launcher Impact Weapon Hammer Build | -11 -10 -9 -8 -8 ------- Run | Jun Mat Mat Mat Gar Slots Evolved 4 | . . 2 2 . Power . | . . . . . Propulsion . | . . . . . Utility 3 | . . 2 1 . Weapon 1 | . . . 1 . Parts Attached 78 | 5 7 9 19 38 Power 8 | 1 . 1 3 3 Engine 6 | 1 . 1 3 1 Core 2 | . . . . 2 Reactor . | . . . . . Propulsion 14 | 2 2 . 4 6 Treads 3 | 1 . . . 2 Leg 3 | . . . . 3 Wheel 8 | 1 2 . 4 1 Hover . | . . . . . Flight . | . . . . . Utility 16 | 1 2 3 3 7 Device 4 | . . . . 4 Storage 3 | 1 1 . . 1 Processor 5 | . 1 1 1 2 Hackware . | . . . . . Protection 4 | . . 2 2 . Artifact . | . . . . . Weapon 40 | 1 3 5 9 22 Energy Gun 3 | 1 1 . . 1 Energy Cannon 11 | . . 1 2 8 Ballistic Gun 12 | . . . 4 8 Ballistic Cannon 6 | . 2 2 2 . Launcher 7 | . . 1 1 5 Special Weapon . | . . . . . Impact Weapon 1 | . . 1 . . Slashing Weapon . | . . . . . Piercing Weapon . | . . . . . Special Melee Weapon . | . . . . . Unidentified Prototypes 1 | . . . 1 . Corrupted Parts 2 | . . . . 2 System Corruption 12 | . . . . 12 Parts Lost 21 | . . . 2 19 Power 3 | . . . 1 2 Propulsion 4 | . . . . 4 Utility 6 | . . . 1 5 Weapon 8 | . . . . 8 Highest Loss Streak 9 | . . . 1 9 To Critical Strikes 1 | . . . . 1 Average Slot Usage (%) 86 | . 93 87 88 84 Engine 7 | . 14 11 8 4 Core 2 | . . . . 4 Treads 2 | . 4 . . 3 Leg 1 | . . . . 3 Wheel 15 | . 23 22 17 9 Device 4 | . . . . 8 Storage 9 | . 14 11 9 9 Processor 15 | . 8 11 17 17 Protection 6 | . . 10 13 3 Energy Gun 3 | . 25 8 . . Energy Cannon 4 | . . 2 8 4 Ballistic Gun 8 | . . . 6 14 Ballistic Cannon 4 | . 2 10 7 . Naked Turns . | . . . . . Heaviest Build 64 | 10 18 32 33 64 Greatest Support 44 | 10 24 24 24 44 Greatest Overweight (x) 19 | . 1 1 2 19 Average Overweight (x) . | . . . 1 . Largest Inventory Capacity 20 | 8 10 10 10 20 Average Capacity 11 | 7 8 10 10 13 Most Carried 19 | 6 9 10 10 19 Average Carried 9 | 2 7 9 9 11 Final Capacity 20 | 8 10 10 10 20 Final Carried 19 | 5 9 10 10 19 Class Distribution -------------------- 67% | Mutant 25% | Gunner 6% | Scavenger-Mutant Dominant Class ---------------- Mutant | -10/Materials Mutant | -9/Materials Mutant | -8/Materials Mutant | -8/Garrison Resources | -11 -10 -9 -8 -8 ----------- Run | Jun Mat Mat Mat Gar Matter Collected 1551 | 175 21 312 252 791 Remotely . | . . . . . Salvage Created 1751 | . 21 456 346 928 Parts 117 | . 4 37 20 56 Haulers Intercepted 4 | . . 2 2 . Recyclers Shooed . | . . . . . Parts Field Recycled . | . . . . . Retrieved Matter . | . . . . . Parts Self-Destructed . | . . . . . Prevented . | . . . . . Kills | -11 -10 -9 -8 -8 ------- Run | Jun Mat Mat Mat Gar Combat Hostiles Destroyed 41 | . . 10 5 26 Guns 16 | . . 3 . 13 Cannons 12 | . . 3 5 4 AOE 12 | . . 4 . 8 Classes Destroyed 10 | . 1 6 . 3 Worker 1 | . 1 . . . Builder 1 | . . 1 . . Hauler 4 | . . 2 2 . Operator 3 | . . 2 1 . Swarmer 8 | . . 4 . 4 Grunt 21 | . . 2 5 14 Duelist 1 | . . . . 1 Sentry 5 | . . 4 . 1 Hunter 4 | . . . . 4 Programmer 2 | . . . . 2 Best Kill Streak 9 | . 1 4 3 9 Combat Bots Only 9 | . . 4 3 9 Max Kills in Single Turn 3 | . 1 3 1 2 Gunslinging . | . . . . . Exploded 3 | . . 3 . 2 Melee . | . . . . . Uniques/NPCs Destroyed . | . . . . . Combat | -11 -10 -9 -8 -8 -------- Run | Jun Mat Mat Mat Gar Damage Taken 3199 | . . 235 274 2690 Core 582 | . . 30 40 512 Absorbed by Shields 61 | . . . . 61 Core Remaining (%) 97 | 100 100 92 . . Volleys Fired 133 | . 2 21 17 93 Largest 3 | . 2 2 3 3 Hottest 128 | . 80 98 123 128 Shots Fired 242 | . 4 40 36 162 Gun 137 | . 3 12 3 119 Cannon 91 | . 1 26 33 31 Launcher 14 | . . 2 . 12 Special . | . . . . . Kinetic 152 | . 1 19 20 112 Thermal 10 | . 1 . . 9 Explosive 14 | . . 2 . 12 Electromagnetic 66 | . 2 19 16 29 Robot Hit Streak 18 | . 3 7 5 18 Robot Miss Streak 5 | . . 2 2 5 Penetration Max 1 | . . . . 1 Secondary Targets 3 | . . . . 3 Max Gunslinging Chain 1 | . . . . 1 Shots Hit Robots 148 | . 3 24 20 101 Core Hits 84 | . 1 17 13 53 Critical Kills . | . . . . . Critical Parts Destroyed . | . . . . . Critical Strikes 1 | . . 1 . . Corrupt 1 | . . 1 . . Melee Attacks 1 | . . 1 . . Impact 1 | . . 1 . . Slashing . | . . . . . Piercing . | . . . . . Sneak Attacks . | . . . . . Combat Hostiles . | . . . . . Follow-up Attacks . | . . . . . Damage Inflicted 4376 | . 42 652 478 3204 Guns 1578 | . 24 87 19 1448 Cannons 1333 | . 18 367 459 489 Explosions 1465 | . . 198 . 1267 Melee . | . . . . . Ramming . | . . . . . Kinetic 1643 | . 18 198 160 1267 Thermal 275 | . . . . 275 Explosive 1465 | . . 198 . 1267 Electromagnetic 993 | . 24 256 318 395 Impact . | . . . . . Slashing . | . . . . . Piercing . | . . . . . Highest Corruption 14 | . . . . 14 Average Corruption 7 | . . . . 7 Corruption Purged . | . . . . . Corruption Blocked . | . . . . . Effects 16 | . . . . 16 Message Errors 3 | . . . . 3 Matter Fused 4 | . . . . 4 Heat Flow Errors 4 | . . . . 4 Energy Discharges 1 | . . . . 1 Parts Rejected 1 | . . . . 1 Data Loss (minor) 2 | . . . . 2 Weapon Failures 1 | . . . . 1 Overload Shots . | . . . . . Overflow Damage 211 | . . 49 . 162 Projectiles 49 | . . 49 . . Explosions 162 | . . . . 162 Melee . | . . . . . Knockbacks 2 | . . 2 . . Impact . | . . . . . Kinetic 2 | . . 2 . . Secondary . | . . . . . Self-Inflicted Damage 208 | . . . . 208 Shots 6 | . . . . 6 Rammed . | . . . . . Targets Rammed . | . . . . . Kicked . | . . . . . Crushed . | . . . . . Highest Temperature 353 | . 18 117 222 353 Average Temperature 88 | . 11 32 75 119 Received Heat Transfer 751 | . . 54 198 499 Siege Activations . | . . . . . Robots Corrupted 1 | . . . . 1 Combat Hostiles 1 | . . . . 1 Parts Fried 4 | . . . . 4 Impact Corruptions . | . . . . . Robots Melted . | . . . . . Combat Hostiles . | . . . . . Parts Melted . | . . . . . Heat Transferred 220 | . . . . 220 Parts Sabotaged . | . . . . . Parts Stolen . | . . . . . Parts Stripped . | . . . . . Power Chain Reactions . | . . . . . Missiles Intercepted . | . . . . . Alert | -11 -10 -9 -8 -8 ------- Run | Jun Mat Mat Mat Gar Peak Influence 554 | . 20 347 248 554 Initial 122 | . . 8 122 40 Average 252 | . 14 199 173 350 Maximum Alert Level 2 | . . 1 1 2 Low Security (%) 37 | 100 100 51 56 13 Level 1 31 | . . 48 43 24 Level 2 30 | . . . . 61 Level 3 . | . . . . . Level 4 . | . . . . . Level 5 . | . . . . . High Security . | . . . . . Max Security . | . . . . . Squads Dispatched 5 | . 1 2 2 . Investigation 2 | . . 1 1 . Extermination . | . . . . . Reinforcement 3 | . 1 1 1 . Assault . | . . . . . Garrison . | . . . . . Intercept . | . . . . . Searches Triggered . | . . . . . Construction Impeded . | . . . . . Haulers Reinforced . | . . . . . Active Scanning Responses . | . . . . . Cargo Convoy Interrupts . | . . . . . Stealth | -11 -10 -9 -8 -8 --------- Run | Jun Mat Mat Mat Gar Distress Signals 2 | . . . . 2 Communications Jammed . | . . . . . Distress Signals . | . . . . . Times Spotted 62 | . 2 19 10 31 Peak Tracking Total 5 | . 3 4 4 5 Tactical Retreats . | . . . . . Traps | -11 -10 -9 -8 -8 ------- Run | Jun Mat Mat Mat Gar Traps Triggered 13 | . 1 2 6 4 Indirectly . | . . . . . Trap Hack Attempts . | . . . . . Triggered . | . . . . . Disarmed . | . . . . . Reprogrammed . | . . . . . Reused . | . . . . . Traps Extracted . | . . . . . Installed . | . . . . . Triggered . | . . . . . Machines | -11 -10 -9 -8 -8 ---------- Run | Jun Mat Mat Mat Gar Machines Disabled 3 | . . 1 1 1 Max in Single Turn 1 | . . 1 1 1 Garrison Relay 1 | . . . . 1 Machines Repaired . | . . . . . Machines Sabotaged . | . . . . . Overloaded Fab Kills . | . . . . . Hacking | -11 -10 -9 -8 -8 --------- Run | Jun Mat Mat Mat Gar Machines Accessed 12 | . 1 8 2 1 Terminals 11 | . 1 8 1 1 Fabricators . | . . . . . Repair Stations . | . . . . . Recycling Units . | . . . . . Scanalyzers . | . . . . . Garrison Access 1 | . . . 1 . Total Hacks 32 | . 2 25 3 2 Successful 13 | . 1 10 1 1 Failed 19 | . 1 15 2 1 Catastrophic 5 | . . 4 1 . Database Lockouts . | . . . . . Manual 20 | . 2 16 2 . Terminals 31 | . 2 25 2 2 Fabricators . | . . . . . Repair Stations . | . . . . . Recycling Units . | . . . . . Scanalyzers . | . . . . . Garrison Access 1 | . . . 1 . Terminal Hacks 9 | . . 8 . 1 Prototype ID Bank 4 | . . 4 . . Branch Access Points 1 | . . 1 . . Emergency Access Points 1 | . . . . 1 Terminal Index 1 | . . 1 . . Transport Status 1 | . . 1 . . Zone Layout 1 | . . 1 . . Fabricator Hacks . | . . . . . Repair Station Hacks . | . . . . . Recycling Unit Hacks . | . . . . . Scanalyzer . | . . . . . Garrison Access Hacks 1 | . . . 1 . Unlock Access 1 | . . . 1 . Unauthorized Hacks 3 | . 1 2 . . Terminals 3 | . 1 2 . . Botnet 3 | . 1 2 . . Fabricators . | . . . . . Repair Stations . | . . . . . Recycling Units . | . . . . . Scanalyzers . | . . . . . Garrison Access . | . . . . . Data Cores Recovered . | . . . . . Used . | . . . . . Hacking Detections 11 | . 1 8 1 1 Full Trace Events 2 | . . 1 1 . Feedback Events . | . . . . . Feedback Blocked . | . . . . . Robot Schematics Acquired . | . . . . . Robots Built . | . . . . . Authchips . | . . . . . Time . | . . . . . Total Robot Build Rating . | . . . . . Part Schematics Acquired . | . . . . . Parts Built . | . . . . . Authchips . | . . . . . Time . | . . . . . Total Part Build Rating . | . . . . . Parts Repaired . | . . . . . Time . | . . . . . Parts Recycled . | . . . . . Recycled Matter . | . . . . . Retrieved Matter . | . . . . . Retrieved Components . | . . . . . Parts Scanalyzed . | . . . . . Part Schematics Acquired . | . . . . . Parts Damaged . | . . . . . Bothacking | -11 -10 -9 -8 -8 ------------ Run | Jun Mat Mat Mat Gar Used RIF Installer 2 | . . . . 2 Signal Jammer 1 | . . . . 1 Robots Hacked . | . . . . . Non-combat . | . . . . . Combat . | . . . . . Robot Hacks Applied . | . . . . . Relay Couplers Released 3 | . . . . 3 Machine Destruction 3 | . . . . 3 Fabnet Peak Effective % . | . . . . . Robots Rewired 3 | . . . . 3 Allies Hacked 1 | . . . . 1 Hacks Repelled . | . . . . . Allies | -11 -10 -9 -8 -8 -------- Run | Jun Mat Mat Mat Gar Total Allies 3 | . . . . 3 Largest Group 2 | . . . . 2 Highest-Rated Group 32 | . . . . 32 Highest-Rated Ally 16 | . . . . 16 Total Orders 1 | . . . . 1 STAY 1 | . . . . 1 Ally Attacks 10 | . . . . 10 Total Damage 154 | . . . . 154 Kills 2 | . . . . 2 Allies Corrupted . | . . . . . Allies Melted . | . . . . . Intel | -11 -10 -9 -8 -8 ------- Run | Jun Mat Mat Mat Gar Robot Analysis Total . | . . . . . Derelict Logs Recovered . | . . . . . Drone Launches . | . . . . . Drone Recoveries . | . . . . . Exploration | -11 -10 -9 -8 -8 ------------- Run | Jun Mat Mat Mat Gar Turns Passed 2417 | 42 176 585 424 1190 Spaces Moved 1600 | 36 157 475 303 629 Core 3 | 2 . . . 1 Treads 102 | . . . . 102 Legs 91 | . . . . 91 Wheels 1404 | 34 157 475 303 435 Hover . | . . . . . Flight . | . . . . . Fastest Speed 50 | 50 90 90 90 105 Average Speed 113 | 78 91 101 105 133 Slowest Speed 1000 | 80 95 105 120 1000 Overloaded Moves . | . . . . . Propulsion Burnouts . | . . . . . Robots Hopped . | . . . . . Cave-ins Triggered . | . . . . . Exploration Rate (%) 34 | 3 38 52 24 57 Regions Visited 4 Branch Regions . Pre-discovered Areas . | . . . . . Known Exits Taken 1 | . . . 1 . Unknown Exits Taken 3 | 1 1 1 . . Scrap Searched . | . . . . . Spaces Dug 1 | . . 1 . . Terrain Destroyed 94 | . . 20 . 74 Melee 1 | . . 1 . . Projectile . | . . . . . AOE 93 | . . 19 . 74 Terrain Rammed . | . . . . . Walls Destroyed . | . . . . . Machines Disabled . | . . . . . Actions | -11 -10 -9 -8 -8 --------- Run | Jun Mat Mat Mat Gar Total 1995 | 47 186 531 377 854 Wait 96 | . 4 20 19 53 Move 1597 | 35 156 474 303 629 Hop . | . . . . . Pick Up 44 | 6 8 2 9 19 Fast Attach 34 | 5 4 4 11 10 Attach 17 | . 1 . 6 10 Detach 4 | . 2 1 1 . Swap 27 | . 2 5 2 18 Drop 22 | 1 7 3 9 2 Fire 133 | . 2 21 17 93 Melee 1 | . . 1 . . Ram . | . . . . . Kick . | . . . . . Crush . | . . . . . Escape Stasis . | . . . . . Rewire 20 | . . . . 20 Trap . | . . . . . Miscellaneous . | . . . . . Route ------- -11/Junkyard -10/Materials -9/Materials (discovered 3 exits: *Mat / *Min x2) -8/Materials -8/Garrison (discovered 2 exits: [*Mat x2]) History --------- Turn | Location | Event 25 | -11/Junkyard | Discovered new exit (range 15) 43 | -11/Junkyard | Entered Materials 190 | -10/Materials | Discovered new exit (range 13) 219 | -10/Materials | Entered another Materials area 219 | -9/Materials | Evolved 2 slots: Utility x2 316 | -9/Materials | Build established: Mutant 397 | -9/Materials | Identified exit to Mines 664 | -9/Materials | Discovered new exit (range 10) 804 | -9/Materials | Entered another Materials area 804 | -8/Materials | Evolved 2 slots: Utility x1, Weapon x1 1228 | -8/Materials | Identified exit to Garrison 1228 | -8/Materials | Entered Garrison 1302 | -8/Garrison | Triggered checkpoint 1415 | -8/Garrison | Destroyed 9 combat bots 1452 | -8/Garrison | Discovered new exit (range 12) 1478 | -8/Garrison | Triggered checkpoint 1527 | -8/Garrison | Installed Relay Interface Framework 1581 | -8/Garrison | Garrison Relay disabled 1640 | -8/Garrison | Triggered checkpoint 1676 | -8/Garrison | Discovered new exit (range 6) 1837 | -8/Garrison | Expanded RIF knowledge: Signal Jamming 1924 | -8/Garrison | Lost 9 parts (1p2n1u5w) 2100 | -8/Garrison | Core integrity fell below 50% 2125 | -8/Garrison | Core integrity fell below 20% 2167 | -8/Garrison | Lost 8 parts (2n3u3w) 2170 | -8/Garrison | System corruption reached 10% 2418 | -8/Garrison | Destroyed by G-47 Trooper with Particle Gun Last Messages --------------- 02269_ System corrupted: Component data lost. 02288_ System corrupted: Energy discharge (-36). 02341_ System corrupted: Heat flow error (+162). 02361_ System corrupted: Matter fused (-7). 02377_ KS4JVPLYS3I8VSGGOAGEUVOL Garrison Door activated. 02392_ S-10 Pest destroyed. 02392_ Destroyed Flight Unit. 02392_ S-10 Pest destroyed. 02396_ BH50L7ATS/&S>MHUMHPPGO3KTDAFJ:C8 02403_ System corrupted: Gauss Rifle jammed. 02403_ S-10 Pest destroyed. 02404_ Critical hit (Burn: +27). 02406_ Slug penetrates G-47 Trooper. 02409_ G-47 Trooper destroyed. 02410_ The unstable cave ceiling collapses. 02410_ Critical hit (Burn: +27). 02412_ System corrupted: Carbon-fiber Leg rejected. 02412_ Acquired Carbon-fiber Leg. 02414_ Slug penetrates Reinforced Barrier. Map ----- +----------------------------------------------------+ | ??# #???????????????????????# #????????????? | | ??#### ##???????????????????????# #????????????# | | ######+"########?????????????????# #????????????# | | #?????????????????# #????????????# | | #?????????????????# ?????????????# | | # ######### #?????????????????# ?????????????# | | # #???????# #?????????????????# ?????????????# | | ##"##???????# #?????????????????# ?????????????# | | ?# #????????# #?????????????????# ?????????????# | | ?# ????????+ #?????????????????? ?????????????# | | ?####???????# #?????????????????? ?????###?????# | | ????????????# #?????????????????? ???### ###???# | | ????????????# #?????????????????#++#### ##### | | ????????????# #?????????????????# | | ????????????# #?????????????????# | | ????????????# #?????????????????# #### ### | | ????????????# #?????????????????# #??## # # # | | ????????????# #?????????????????# #??# | | ????????????# #?????????????????# #??## ^ | | ????????????# #?????????????????# #???# # # | | ????????????# #??#######??####### #???## | | ????????????# #?## ## ##### ## #???# ### | | ????????????# ### ## # # ## [## ##??### < ##?? | | ############# #T # ## = #????#= ##?? | | ; [ * ! g= % #????# #??? | | + @=g= [=%[ ! #????#####??? | | ################## ## ^## # #???????????? | | ????????????????# ##### ## ## #???????????? | | ????????????????## # "???????????? | | ?????????????????####C ??????????? | | ????????????????????#C #?????????? | | ????????????????????#C #?????????? | | ????????????????????### ## # ###?????????? | | ??????????????????????# ## % ## #???????????? | | ??????????????????????+ ??????????? | | ??????????????????????+ ??????+??? | | ??????????????????????# % ####+???????? | | ??????????????????????# ##"" ## ##???????????? | | ??????????????????????# #???? ?# #????????????? | | ??????????????????????# #??????? #????????????? | | ??????????????????????+ #??????? #????????????? | | ??????????????????????# #??????? +????????????? | | ??????????????????????# #??????? ???????+??+??? | | ??????????????????????? #??????? ?????????????? | | ??????????????++??????? #??????????????????????? | | ??????????????????????? ???????????????????????? | | ??????????????????????? ???????????????????????? | | ?????????????????????????????????????????????????? | | ???????????????????????+?????????????????????????? | | ?????????????????????????????????????????????????? | +----------------------------------------------------+ Best States ------------- Heat Dissipation 59 Energy Generation 15 Energy Capacity 265 Matter Stores 300 Matter Capacity 300 Sight Range 20 Terrain Scan Density 10 Armor Coverage 300 Evasion (%) 44 Targeting Accuracy 10 Recoil Reduction 8 Salvage Targeting 3 Item Schematics ----------------- None Robot Schematics ------------------ None Fabricated ------------ Nothing Alien Tech Used ----------------- None Achievements -------------- None Challenges ------------ None Game ------ Seed NetworkIonicFirepult Manual? 0 Play Time 00:25:34 Cumulative 164.3 hours Start 2023.03.24 @ 02:55:14 End 2023.03.24 @ 03:20:08 Sessions 1 Manual Loads 0 Difficulty Rogue Special Mode None Game No. 120 Rogue 118 Adventurer 2 Explorer 0 Win Type - Total 7 Types 4/0/1/2/0/0/0/0/0 Lore% 69 Gallery% 76 Achievement% 69 Wizard Run 0 Options --------- ASCII 0 Keyboard 1 Movement Numpad Keybinds 0 Fullscreen 1 Font 12/Smallcaps Map View 83x54 Tactical HUD 1 Map Filters NONE Filters NONE Steam 1 RUN: 9617c49c-69f2-4ac7-9909-7fd987f2f737